 Dungeon Crawl Stone Soup version 0.31-a0-1183-gd88bbb8b4d (webtiles) character file.

Game seed: 10330536378782973161

164 qw the Shooter (level 5, -4/32 HPs)
             Began as a Gargoyle Hunter on Dec 11, 2023.
             Shot with an arrow by a centaur (13 damage)
             ... on level 3 of the Dungeon.
             The game lasted 00:00:34 (1226 turns).

qw the Shooter (Gargoyle Hunter)                    Turns: 1226, Time: 00:00:34

Health: -4/32      AC:  9    Str: 15    XL:     5   Next: 45%
Magic:  5/5        EV: 11    Int:  9    God:
Gold:   89         SH:  0    Dex: 15    Spells: 4/4 levels left

rFire   . . .        a - +0 shortbow (drain)
rCold   . . .        (shield currently unavailable)
rNeg    + . .        b - +0 ring mail
rPois   inf          (no helmet)
rElec   +            (no cloak)
rCorr   .            (no gloves)
SInv    .            (no boots)
Will    +....        (no amulet)
Stlth   +            (no ring)
HPRegen 0.25/turn    (no ring)
MPRegen 0.09/turn

%: no passive effects
@: enlightened, flying
A: sickness immunity, AC +4, negative energy resistance 1, electricity
resistance, torment resistance 1, petrification resistance
a: no special abilities


You were on level 3 of the Dungeon.
You visited 1 branch of the dungeon, and saw 3 of its levels.

You collected 89 gold pieces.


Innate Abilities, Weirdness & Mutations

You are immune to sickness and miasma.
Your stone body is resilient. (AC +4)
You are immune to poison.
You resist negative energy. (rN+)
You are resistant to electric shocks. (rElec)
You are resistant to unholy torment.
You are immune to petrification.


   Skills:
 + Level 3.2 Fighting
 - Level 6.0 Ranged Weapons
 - Level 1.0 Armour
 - Level 1.5 Dodging
 - Level 1.1 Stealth


You had 4 spell levels left.
You didn't know any spells.
Your spell library was empty.

Inventory:

Hand Weapons
 a - a +0 shortbow of draining (weapon)
Armour
 b - a +0 ring mail (worn)
Potions
 d - a potion of mutation

Dungeon Overview and Level Annotations

Branches:
Dungeon (3/15)

Altars:


Message History

You hear a shout! x4
A centaur comes into view.
You shoot an arrow. The arrow closely misses the goblin.
The centaur shouts!
The centaur wields a +0 orcbow.
The centaur shoots an arrow.
The arrow closely misses you.
You shoot an arrow. The arrow hits the goblin.
The goblin is severely wounded.
The centaur shoots an arrow.
The arrow closely misses you.
A hobgoblin comes into view.
You shoot an arrow. The hobgoblin shouts!
The arrow hits the goblin.
You drain the goblin.
You kill the goblin!
You hear a shout!
The centaur shoots an arrow.
The arrow hits you.
The centaur shoots an arrow.
The arrow hits you.
You shoot an arrow. The arrow hits the goblin.
You kill the goblin!
The centaur shoots an arrow.
The arrow hits you but does no damage.
The centaur shoots an arrow.
The arrow barely misses you.
You shoot an arrow. The arrow closely misses the hobgoblin.
The centaur shoots an arrow.
The arrow barely misses you.
A goblin comes into view. It is wielding a +0 dagger. x2
The centaur shoots an arrow.
The arrow hits you but does no damage.
You shoot an arrow.
The arrow completely misses the hobgoblin.
The centaur shoots an arrow.
The arrow hits you.
The centaur shoots an arrow.
The arrow hits you.
You shoot an arrow. The arrow hits the hobgoblin.
The hobgoblin is lightly wounded.
You shoot an arrow. The arrow hits the hobgoblin!
You kill the hobgoblin!
The centaur shoots an arrow.
The arrow hits you.
The centaur shoots an arrow.
The arrow hits you.
1226 ||| DRINKING golden potion.
It was a potion of enlightenment.
You feel very buoyant.
You fly up into the air.
The centaur shoots an arrow.
The arrow hits you!
You die...

####### .....# ....#
####.#####+### ....#
####.........# ....#
.............# ....#
#####........# ....#
# #........# ... #
#.....%..####.####..
#
######......@....cg.
# ########)#####. )#
g. #.. ..# .!# ..#


You could see a centaur and 2 goblins.

Vanquished Creatures
  4 gnolls (D:2)
  7 adders
  A worm (D:2)
  4 dart slugs
  5 bats
  4 endoplasms
  2 giant cockroaches
  6 goblins
  5 hobgoblins
  4 jackals (D:3)
  A kobold (D:1)
  2 ball pythons
  A frilled lizard (D:3)
  8 rats
54 creatures vanquished.

Notes
Turn   | Place    | Note
-------+----------+-------------------------------------------
     0 | D:1      | qw the Gargoyle Hunter began the quest for the Orb.
     0 | D:1      | Reached XP level 1. HP: 12/12 MP: 1/1
     0 | D:1      | 0 ||| qw: Version: 0.3-a-106-g2cfff9e
     0 | D:1      | 0 ||| qw: Game counter: 2102
     0 | D:1      | 0 ||| qw: Melee chars always use a shield: true
     0 | D:1      | 0 ||| qw: God list: Okawaru
     0 | D:1      | 0 ||| qw: Allow faded altars: false
     0 | D:1      | 0 ||| qw: Do Orc after clearing Dungeon:15 true
     0 | D:1      | 0 ||| qw: Do second Lair branch before Depths: true
     0 | D:1      | 0 ||| qw: Lair rune preference: random
     0 | D:1      | 0 ||| qw: Goals: Normal, Save, Zot:1-4, Win
     0 | D:1      | 0 ||| PLANNING D:1-11
    83 | D:1      | Reached XP level 2. HP: 17/17 MP: 2/2
   580 | D:1      | 580 ||| READING scroll labelled NAUMISTR MANU.
   581 | D:1      | 581 ||| READING scroll labelled TYIPRU JESMYTA.
   682 | D:1      | 682 ||| READING scroll labelled DEMENA ORYUFUH.
   682 | D:1      | 682 ||| BRANDING +0 shortbow.
   683 | D:1      | 683 ||| DROPPING scroll of butterflies.
   704 | D:2      | Reached skill level 5 in Ranged Weapons
   704 | D:2      | Reached XP level 3. HP: 21/21 MP: 3/3
   812 | D:2      | Reached skill level 3 in Fighting
   812 | D:2      | Reached XP level 4. HP: 28/28 MP: 4/4
   946 | D:2      | 946 ||| DROPPING +3 sling.
   960 | D:2      | Reached XP level 5. HP: 28/32 MP: 5/5
  1114 | D:2      | 1114 ||| UPGRADING to +0 ring mail.
  1124 | D:2      | 1124 ||| DROPPING +0 leather armour.
  1125 | D:2      | 1125 ||| DROPPING amulet of magic regeneration.
  1126 | D:2      | 1126 ||| READING scroll labelled TITEAPLEAC.
  1126 | D:2      | 1126 ||| IDENTIFYING purple potion
  1127 | D:2      | 1127 ||| DRINKING 2 brown potions.
  1128 | D:2      | 1128 ||| DROPPING potion of attraction.
  1168 | D:3      | Reached skill level 1 in Armour
  1215 | D:3      | Reached skill level 6 in Ranged Weapons
  1217 | D:3      | Noticed a centaur
  1225 | D:3      | HP: 8/32 [centaur/arrow (5)]
  1226 | D:3      | 1226 ||| DRINKING golden potion.
  1226 | D:3      | Shot with an arrow by a centaur

Levels and vault maps discovered:
D:1:      dpeg_arrival_tiny_d, layout_basic, roderic_serpentine_path
D:2:      layout_rooms, serial_glass, glass_columns_b, glass_columns_b
D:3:      layout_basic, tso_altar, uniq_robin

Skill      XL: |  1  2  3  4  5 |
---------------+----------------+-----
Ranged Weapons | 5 6 |  6.0
Fighting       | 3 |  3.2
Armour         | 1 |  1.0
Dodging        | |  1.5
Stealth        | |  1.1

Action                     |  1- 3 |  4- 6 || total
---------------------------+-------+-------++-------
   Fire: Shortbow          |    60 |    76 ||   136
    Use: Scroll            |     3 |     1 ||     4
         Potion            |       |     2 ||     2
 Armour: Leather armour    |     6 |    10 ||    16
         Ring mail         |       |    18 ||    18
  Dodge: Dodged            |    10 |    16 ||    26

Table legend:
 A = Non-vault XP
 B = Vault XP
 C = Vault XP percentage of total XP
 D = Non-vault monster count
 E = Vault monster count
 F = Vault count percentage of total count
                 A         B        C        D         E       F
            +---------+---------+-------+---------+---------+-------
      Total |     227 |       8 |   3.4 |      50 |       4 |   7.4
            +---------+---------+-------+---------+---------+-------
        D:1 |      31 |       0 |   0.0 |      16 |       0 |   0.0
        D:2 |     140 |       0 |   0.0 |      21 |       0 |   0.0
        D:3 |      56 |       8 |  12.5 |      13 |       4 |  23.5
            +---------+---------+-------+---------+---------+-------
